Map: Lockdown LE

Players

oatmeal - Winner!

  • Race: Zerg Zerg
  • League: Diamond

Altik

  • Race: Protoss Protoss
  • League: Diamond

VOD

Have the link to the VOD?

Description

Time

  • Played on: Aug. 4, 2026, 4:45 p.m.
  • Length: 13:50
Show
View Real Time Build Order
Export as new Build Order

oatmeal Zerg - Winner!

Build Orders: Hatch First 

Get SALT Encoding   

  8  0:01  Drone  
  9  0:12  Drone  
  10  0:17  Drone  
  11  0:22  Drone  
  12  0:32  Overlord  
  12  0:40  Extractor, Drone  
  13  0:51  Drone  
  13  0:53  Drone  
  15  1:02  Drone  
  16  1:19  Drone  
  16  1:22  Drone, Hatchery  
  18  1:32  Drone  
  18  1:40  Extractor  
  18  1:42  Spawning Pool  
  18  1:45  Drone  
  17  1:53  Drone  
  18  2:02  Drone  
  19  2:11  Overlord  
  19  2:23  Drone  
  20  2:33  Drone  
  20  2:34  Queen  
  20  2:35  Queen  
  20  2:37  Drone  
  26  2:42  Metabolic Boost  
  26  2:44  Drone  
  27  2:48  Zergling x2  
  28  2:52  Drone  
  28  2:57  Overlord  
  29  3:02  Drone  
  30  3:06  Drone  
  30  3:11  Drone  
  32  3:17  Drone  
  33  3:20  Drone  
  33  3:25  Hatchery  
  33  3:28  Drone  
  33  3:31  Drone  
  35  3:35  Overlord  
  35  3:41  Zergling x2  
  36  3:50  Zergling x4  
  36  3:55  Drone x3  
  40  4:03  Drone x3  
  40  4:06  Overlord  
  40  4:07  Queen  
  45  4:14  Spore Crawler  
  45  4:15  Drone  
  45  4:16  Drone, Spore Crawler  
  43  4:24  Drone  
  43  4:27  Drone  
  43  4:31  Drone x2  
  48  4:35  Drone x3  
  51  4:41  Zergling x2  
  51  4:42  Roach Warren  
  51  4:46  Zergling x2  
  51  4:47  Zergling x4  
  54  4:58  Drone  
  54  4:59  Drone x2  
  57  5:02  Extractor, Queen  
  58  5:07  Overlord x3  
  58  5:16  Overlord  
  58  5:19  Drone  
  58  5:21  Drone  
  60  5:25  Drone x2, Queen  
  60  5:26  Drone x4  
  66  5:30  Drone x2  
  66  5:31  Drone  
  66  5:32  Drone x2  
  66  5:34  Drone  
  71  5:39  Drone x2  
  72  5:49  Extractor  
  70  5:50  Extractor  
  70  5:51  Lair  
  70  5:53  Roach x3  
  70  5:55  Roach  
  77  5:59  Roach x2  
  77  6:01  Hatchery  
  77  6:04  Overlord  
  80  6:07  Roach  
  80  6:09  Evolution Chamber  
  80  6:10  Drone  
  82  6:15  Roach  
  82  6:16  Spine Crawler  
  82  6:17  Overlord  
  82  6:18  Overlord x2  
  83  6:20  Zergling x2  
  84  6:26  Overlord  
  84  6:29  Overlord x2  
  84  6:30  Roach x3  
  90  6:36  Zerg Missile Weapons Level 1  
  90  6:38  Drone  
  90  6:39  Drone  
  92  6:43  Roach x3  
  92  6:44  Roach x2  
  102  6:50  Extractor, Glial Reconstitution  
  102  6:51  Extractor  
  102  6:52  Drone x5  
  105  6:58  Drone x3  
  108  7:07  Zergling x6  
  110  7:10  Drone  
  111  7:18  Drone  
  111  7:19  Drone x6  
  118  7:27  Hatchery  
  118  7:28  Baneling Nest  
  116  7:31  Zergling x18  
  116  7:35  Ravager  
  116  7:36  Ravager x6  
  116  7:37  Zergling x2  
  133  7:39  Drone  
  133  7:42  Drone  
  133  7:43  Drone  
  136  7:47  Zergling x2  
  136  7:48  Overlord x2  
  136  7:49  Hatchery  
  136  7:51  Drone x2  
  136  7:52  Drone  
  136  7:54  Drone  
  140  7:59  Drone  
  140  8:00  Drone x3  
  144  8:08  Drone x3, Infestation Pit  
  144  8:09  Extractor, Zergling x2  
  144  8:10  Zergling x12, Overseer  
  144  8:11  Overseer, Extractor  
  144  8:12  Pneumatized Carapace  
  151  8:15  Overlord x2  
  151  8:17  Zergling x6  
  151  8:19  Zergling x2  
  155  8:25  Zergling x2  
  156  8:29  Zergling x4  
  157  8:34  Centrifugal Hooks, Zerg Melee Weapons Level 1  
  157  8:40  Drone x2  
  159  8:43  Baneling  
  159  8:44  Baneling x10  
  159  8:51  Zergling x2  
  160  8:56  Baneling x5  
  160  8:57  Hive  
  160  9:02  Spire  
  159  9:05  Drone  
  159  9:06  Drone  
  159  9:07  Zergling x10  
  159  9:08  Zergling x18  
  159  9:09  Zergling x2  
  176  9:14  Zergling x6  
  179  9:19  Zergling x10  
  179  9:20  Overseer  
  184  9:29  Overlord  
  184  9:30  Overlord x2  
  184  9:36  Overlord  
  184  9:41  Overlord  
  184  9:42  Spine Crawler  
  184  9:44  Zergling x2  
  184  9:45  Spine Crawler  
  184  9:46  Zergling x2, Queen  
  184  9:47  Zergling x2  
  184  9:48  Zergling x8  
  184  9:49  Zergling x4  
  184  9:50  Zergling x4  
  195  10:01  Zergling x4  
  195  10:05  Drone x3  
  199  10:10  Overlord  
  199  10:28  Zerg Melee Weapons Level 2  
  199  10:29  Hatchery  
  199  10:31  Zergling x2, Evolution Chamber  
  198  10:38  Spine Crawler  
  197  10:45  Roach  
  197  10:49  Baneling  
  198  10:50  Baneling x16, Overlord  
  198  10:51  Roach  
  167  10:57  Roach  
  167  11:02  Roach  
  167  11:03  Roach x13  
  156  11:11  Roach x8  
  156  11:12  Overlord, Roach x7  
  156  11:13  Roach  
  156  11:14  Roach x2  
  156  11:16  Roach x4  
  156  11:17  Roach x2  
  185  11:20  Zergling x2  
  175  11:26  Greater Spire, Zerg Missile Weapons Level 2  
  175  11:30  Ravager x5  
  175  11:31  Zergling x12  
  186  11:35  Adrenal Glands  
  186  11:44  Zergling x2  
  186  11:46  Zergling x12  
  186  11:47  Zergling x12  
  191  11:50  Roach  
  193  11:55  Zergling x10  
  193  11:56  Roach  
  193  11:58  Baneling x14, Spore Crawler  
  193  11:59  Zergling x2  
  200  12:04  Overlord  
  200  12:21  Overlord, Roach  
  200  12:22  Roach x3  
  183  12:25  Overlord  
  183  12:26  Roach x3  
  183  12:27  Roach x2  
  183  12:28  Zergling x2  
  183  12:29  Roach x2  
  180  12:30  Overlord  
  180  12:31  Roach x5  
  180  12:32  Roach, Zergling x2  
  180  12:33  Zergling x12, Roach x3  
  189  12:37  Roach x2  
  189  12:40  Zergling x2  
  189  12:41  Roach, Zergling x2  
  179  12:45  Zergling x6  
  179  12:47  Roach  
  179  12:49  Roach  
  170  12:53  Zergling x12  
  170  12:54  Roach  
  169  13:00  Zergling x4  
  169  13:01  Roach  
  165  13:07  Zergling x2  
  165  13:08  Roach x3  
  165  13:09  Overlord  
  165  13:11  Roach  
  174  13:14  Baneling x8  
  174  13:15  Baneling x6  
  176  13:27  Zergling x2  
  176  13:32  Hatchery  
  170  13:37  Hatchery  
Show
View Real Time Build Order
Export as new Build Order

Altik Protoss 

Build Orders: Chargelot Immortal 

Get SALT Encoding   

  8  0:00  Probe (Chrono Boost)  
  9  0:12  Probe (Chrono Boost)  
  10  0:20  Probe (Chrono Boost)  
  11  0:26  Probe  
  12  0:35  Pylon  
  12  0:38  Probe  
  13  0:53  Probe  
  14  0:58  Gateway  
  14  1:05  Probe (Chrono Boost)  
  15  1:11  Assimilator  
  15  1:17  Probe (Chrono Boost)  
  16  1:22  Probe (Chrono Boost)  
  17  1:32  Probe  
  18  1:44  Probe  
  19  1:56  Nexus  
  19  1:57  Probe  
  20  2:09  Cybernetics Core  
  20  2:11  Probe  
  21  2:18  Pylon  
  21  2:28  Gateway  
  21  2:39  Assimilator  
  21  2:42  Adept (Chrono Boost), Probe  
  22  2:46  Warp Gate  
  24  2:54  Probe  
  25  3:04  Pylon  
  25  3:07  Probe (Chrono Boost), Adept  
  25  3:08  Probe (Chrono Boost)  
  29  3:19  Probe (Chrono Boost)  
  30  3:22  Probe (Chrono Boost)  
  30  3:26  Probe (Chrono Boost)  
  32  3:27  Robotics Facility  
  32  3:29  Probe (Chrono Boost)  
  33  3:55  Probe x2  
  35  4:07  Probe x2  
  37  4:14  Pylon, Observer  
  37  4:15  Gateway  
  38  4:19  Probe x2  
  41  4:31  Probe  
  41  4:32  Probe  
  41  4:34  Pylon, Sentry (Chrono Boost)  
  41  4:35  Stalker (Chrono Boost)  
  42  4:43  Probe  
  43  4:48  Zealot x2  
  47  4:53  Probe, Assimilator  
  47  4:55  Assimilator  
  49  5:00  Probe  
  49  5:08  Probe  
  49  5:12  Probe  
  51  5:20  Probe  
  52  5:24  Forge, Probe  
  52  5:26  Forge  
  52  5:28  Twilight Council  
  51  5:32  Robotics Facility, Probe  
  51  5:33  Robotics Bay  
  50  5:36  Probe  
  51  5:44  Probe  
  51  5:48  Probe  
  53  5:52  Pylon  
  53  5:54  Pylon  
  53  5:55  Protoss Ground Weapons Level 1 (Chrono Boost)  
  53  5:56  Probe, Pylon  
  54  6:01  Immortal  
  58  6:05  Charge  
  58  6:14  Zealot x2  
  62  6:18  Pylon  
  62  6:20  Pylon  
  62  6:21  Nexus  
  62  6:22  Pylon  
  62  6:34  Colossus  
  62  6:36  Extended Thermal Lance  
  62  6:38  Probe x2  
  69  6:43  Photon Cannon  
  69  6:49  Shield Battery  
  69  6:51  Photon Cannon  
  69  6:52  Zealot  
  70  7:04  Protoss Ground Armor Level 1 (Chrono Boost)  
  70  7:10  Colossus  
  70  7:13  Probe x2  
  78  7:18  Gateway  
  78  7:19  Gateway  
  78  7:30  Gateway  
  78  7:31  Probe x2  
  78  7:32  Templar Archives  
  78  7:34  Probe  
  81  7:43  Probe  
  82  7:45  Observer  
  82  7:48  Stalker x2, Zealot  
  82  7:50  Protoss Ground Weapons Level 2 (Chrono Boost)  
  82  7:51  Probe x2  
  91  8:01  Probe (Chrono Boost)  
  91  8:03  Disruptor, Probe (Chrono Boost)  
  91  8:04  Probe (Chrono Boost)  
  98  8:06  Immortal  
  103  8:14  Probe (Chrono Boost)  
  103  8:15  Probe x2 (Chrono Boost)  
  103  8:16  High Templar x2, Zealot  
  111  8:21  Assimilator  
  111  8:24  Assimilator  
  111  8:35  Zealot  
  111  8:36  Zealot x2  
  111  8:37  Zealot  
  119  8:43  Pylon  
  119  8:45  Pylon  
  119  8:49  Pylon  
  119  8:53  Photon Cannon  
  119  9:02  Immortal x2  
  127  9:03  Zealot  
  127  9:04  Protoss Ground Armor Level 2 (Chrono Boost)  
  127  9:06  Pylon  
  127  9:07  High Templar x2  
  127  9:08  Pylon, Zealot x3  
  127  9:09  Pylon  
  139  9:26  Probe  
  140  9:34  Probe  
  141  9:41  Zealot x5  
  141  9:44  High Templar  
  141  9:45  Pylon  
  153  9:47  Assimilator  
  153  9:50  Archon  
  152  9:54  High Templar  
  154  10:04  Nexus  
  154  10:07  Assimilator  
  154  10:08  High Templar x3  
  154  10:09  Zealot x2  
  154  10:11  Photon Cannon  
  154  10:12  Shield Battery  
  164  10:15  Pylon, Protoss Ground Weapons Level 3 (Chrono Boost)  
  164  10:16  Photon Cannon, Pylon  
  164  10:19  Zealot, Pylon  
  166  10:23  Zealot x2  
  166  10:26  Archon  
  170  10:30  Probe x3  
  173  10:41  Zealot  
  173  10:42  Zealot x2  
  141  11:03  Immortal x2  
  140  11:11  Zealot x3  
  124  11:18  Zealot x2  
  124  11:19  Zealot  
  130  11:28  Archon  
  131  11:32  Probe  
  131  11:33  Probe x3  
  134  11:43  Immortal x2  
  142  11:50  Probe x2  
  142  11:51  Zealot x2  
  142  11:52  Zealot x2, High Templar  
  142  11:53  High Templar  
  156  12:13  Gateway  
  156  12:15  Gateway  
  156  12:16  Gateway  
  156  12:17  Gateway  
  156  12:22  Immortal  
  132  12:24  Photon Cannon  
  132  12:29  Shield Battery  
  120  12:34  Archon  
  106  12:39  Zealot x3  
  98  12:45  Zealot x3  
  98  12:46  Immortal  
  98  13:00  Probe  
  98  13:01  Probe x3, Immortal  
  98  13:02  Zealot x4  
  98  13:04  Zealot x3  
  98  13:05  Zealot x2  
Tags
 
Add a new tag
Caveats
  • Supply blocks, unpowered buildings, or Contaminate may cause inaccurate times.
  • Supply counts are checked every 10 seconds.